 Dungeon Crawl Stone Soup version 0.20.1-1-g8b1a95d (webtiles) character file.

959 Irenicus the Gouger (level 7, -1/30 HPs)
             Began as a Felid Warper on Oct 28, 2017.
             Was a Believer of Uskayaw.
             Slain by a killer bee (2 damage)
             ... on level 8 of the Dungeon.
             The game lasted 00:24:12 (6023 turns).

Irenicus the Gouger (Felid Warper)                  Turns: 6023, Time: 00:24:13

Health: -1/30      AC:  3    Str:  7    XL:     7   Next: 91%
Magic:  10/11      EV: 19    Int: 16    God:    Uskayaw [**....]
Gold:   418        SH:  0    Dex: 21    Spells: 3/10 levels left
                                        Lives:  0   Deaths: 2

rFire    . . .     SeeInvis +     - Unarmed
rCold    . . .     Gourm    .   (shield unavailable)
rNeg     . . .     Faith    .   (armour unavailable)
rPois    .         Spirit   .   (helmet unavailable)
rElec    .         Reflect  .   (cloak unavailable)
rCorr    .         Harm     .   (gloves unavailable)
MR       +....                  (boots unavailable)
Stlth    ++++......             l - amulet of rage
Regen    0.1/turn               n - +1 ring of protection
MPRegen  0.2/turn               (no ring)

@: lethally poisoned (-1 -> -30), quick
A: no armour, no weapons or thrown items, stealth, claws 1, fangs 3, see
invisible, agile 1, carnivore 3, clever 1, speed 1, shaggy fur 2, slow
metabolism 1, evolution 1, subdued magic 1, sharp paws
a: Stomp, Line Pass, Renounce Religion, Evoke Berserk Rage


You were on level 8 of the Dungeon.
You worshipped Uskayaw.
Uskayaw was noncommittal.
You were not hungry.

You visited 2 branches of the dungeon, and saw 9 of its levels.

You collected 418 gold pieces.

Inventory:

Jewellery
 l - an amulet of rage (around neck)
 n - a +1 ring of protection (left paw)
Wands
 k - a wand of polymorph (10/24)
 r - a wand of disintegration (11/24)
Scrolls
 b - 4 scrolls of blinking
 d - 3 scrolls of fog
 e - 2 scrolls of enchant weapon
 g - 3 scrolls of identify {unknown}
 h - 8 scrolls of remove curse
 j - 3 scrolls of teleportation {unknown}
 m - a scroll of acquirement {unknown}
 p - 3 scrolls of random uselessness {unknown}
 s - a scroll of magic mapping {unknown}
 x - a scroll of recharging {unknown}
 y - a scroll of noise {unknown}
Potions
 v - a potion of might
 w - 2 potions of invisibility
 z - a potion of brilliance {unknown}
Books
 a - a book of Spatial Translocations

   Spells                             Type                      Level
   a - Blink                          Translocation                2
   b - Shroud of Golubria             Charms/Translocation         2
   c - Lesser Beckoning               Translocation                3
   d - Gell's Gravitas                Translocation                3
   e - Teleport Other                 Translocation                3
   f - Passage of Golubria            Translocation                4
 f - a book of Callings

   Spells                             Type                      Level
   a - Summon Small Mammal            Summoning                    1
   b - Call Imp                       Summoning                    2
   c - Call Canine Familiar           Summoning                    3
   d - Summon Guardian Golem          Hexes/Summoning              3
   e - Summon Lightning Spire         Summoning/Air                4
   f - Summon Ice Beast               Ice/Summoning                4
 t - a book of Conjurations

   Spells                             Type                      Level
   a - Magic Dart                     Conjuration                  1
   b - Searing Ray                    Conjuration                  2
   c - Dazzling Spray                 Conjuration/Hexes            3
   d - Fulminant Prism                Conjuration/Hexes            4
   e - Force Lance                    Conjuration/Translocation    4
   f - Iskenderun's Mystic Blast      Conjuration                  4
Comestibles
 c - 3 meat rations
 i - 2 royal jellies


   Skills:
 - Level 2.0 Fighting
 - Level 3.2 Dodging
 - Level 5.0 Stealth
 + Level 12.0 Unarmed Combat
 - Level 2.0 Spellcasting
 + Level 3.8 Charms
 - Level 5.0 Translocations


You had 3 spell levels left.
You knew the following spells:

 Your Spells              Type           Power        Failure   Level  Hunger
a - Shroud of Golubria    Chrm/Tloc      ##........   3%          2    ###....
b - Blink                 Tloc           N/A          3%          2    ###....
c - Gell's Gravitas       Tloc           ##........   6%          3    ###....


Dungeon Overview and Level Annotations

Branches:
Dungeon (8/15)             Temple (1/1) D:6
   Lair: D:8-11

Altars:
Ashenzari
Cheibriados
Dithmenos
Elyvilon
Fedhas
Hepliaklqana
Kikubaaqudgha
Makhleb
Nemelex Xobeh
Okawaru
Qazlal
Ru
Sif Muna
Trog
Uskayaw
Vehumet
Yredelemnul
Zin
The Shining One

Shops:
D:5 :   D:6 !


Innate Abilities, Weirdness & Mutations

You cannot wear armour.
You are incapable of wielding weapons or throwing items.
Your paws allow you to move quietly. (Stealth)
You have sharp claws.
You have razor-sharp teeth.
You have supernaturally acute eyesight. (SInv)
You are carnivorous and can eat meat at any time.
You cover ground quickly.
You are covered in thick fur. (AC +2)
You have a slow metabolism.
Your sharp claws are effective at attacking unaware monsters.
You are agile. (Dex +2)
Your mind is acute. (Int +2)
You evolve.
Your spells are a little easier to cast, but a little less powerful.


Message History

You claw the killer bee!
The killer bee is heavily wounded.
* * * LOW HITPOINT WARNING * * *
You feel sick. The killer bee closely misses you.
You claw the killer bee!
The killer bee is almost dead.
* * * LOW HITPOINT WARNING * * *
You feel sick.
The killer bee stings you but does no damage.
The killer bee stings you.
* * * LOW HITPOINT WARNING * * *
You are more poisoned.
The killer bee poisons you!
You can now pass through a line of other dancers.
You miss the killer bee. Your claw misses the killer bee.
You bite the killer bee, but do no damage.
The killer bee is almost dead.
* * * LOW HITPOINT WARNING * * *
You feel sick. The killer bee stings you.
You die...

#..y†######.......#...
####'#............#...
#<...#.....#†######...
#....#.....#..........
#....#.....#..........
#....#.....####..##...
#....#....##.######...
#...y#....#......#####
#....@....#......#....
#....#....#'######....
#....#.......##..#....
#....#.......#...#....
#....#[......#...'....
####+##.......#####>...
#..........#'### #....
#..........'...# #....
#..........#...# #....


You could see a killer bee.

Vanquished Creatures
  The ghost of othur the Cleaver, a novice MiCK of Xom (D:4)
  3 sky beasts
  2 orc warriors
  A black bear (D:8)
  A necrophage (D:8)
  2 ogres (D:5)
  Blork the orc (D:5)
  2 big kobolds
  2 bullfrogs
  4 scorpions
  8 killer bees (D:8)
  2 crimson imps
  A centaur zombie (D:8)
  2 hounds
  2 jellies
  2 bullfrog skeletons
  3 orc priests
  3 orc wizards
  4 iguanas
  4 worker ants
  A hound skeleton (D:4)
  Robin (D:2)
  6 gnolls (D:4)
  6 adders
  An ooze (D:1)
  An adder zombie (D:8)
  An adder skeleton (D:7)
  A worm (D:4)
  7 leopard geckos
  19 orcs
  A ball python (D:4)
  9 giant cockroaches
  13 goblins
  6 hobgoblins
  6 jackals
  2 quokkas
  7 bats
  5 frilled lizards
  16 kobolds
  4 rats
163 creatures vanquished.

Vanquished Creatures (others)
  A wizard (D:5)
1 creature vanquished.

Grand Total: 164 creatures vanquished

Notes
Turn   | Place    | Note
-------+----------+-------------------------------------------
     0 | D:1      | Irenicus the Felid Warper began the quest for the Orb.
     0 | D:1      | Reached XP level 1. HP: 9/9 MP: 4/4
   126 | D:1      | Reached XP level 2. HP: 13/13 MP: 6/6
   165 | D:1      | Reached skill level 3 in Unarmed Combat
   306 | D:1      | Learned a level 2 spell: Shroud of Golubria
   309 | D:1      | Learned a level 2 spell: Blink
   825 | D:2      | Reached XP level 3. HP: 16/16 MP: 7/7
   876 | D:2      | Noticed Robin
   947 | D:2      | Killed Robin
   960 | D:2      | Reached skill level 4 in Unarmed Combat
  1342 | D:2      | Reached XP level 4. HP: 18/19 MP: 5/8
  1372 | D:2      | You fall through a shaft!
  1574 | D:3      | Learned a level 3 spell: Gell's Gravitas
  1709 | D:3      | Reached skill level 5 in Translocations
  2079 | D:4      | Noticed othur's ghost (novice MiCK)
  2186 | D:4      | Found a snail-covered altar of Cheibriados.
  2200 | D:4      | Reached skill level 1 in Stealth
  2202 | D:4      | Reached XP level 5. HP: 19/22 MP: 0/9
  2219 | D:4      | Noticed a phantom
  2314 | D:4      | Found a sacrificial altar of Ru.
  2417 | D:5      | Entered Level 5 of the Dungeon
  2444 | D:5      | Reached skill level 5 in Unarmed Combat
  2476 | D:5      | Noticed an ogre
  2537 | D:4      | Paralysed by othur's ghost for 7 turns
  2551 | D:4      | Killed othur's ghost
  2551 | D:4      | Reached skill level 6 in Unarmed Combat
  2551 | D:4      | Gained mutation: You are covered in thick fur. (AC +2) [Felid growth]
  2551 | D:4      | Reached XP level 6. HP: 26/26 MP: 7/10
  2572 | D:4      | Reached skill level 7 in Unarmed Combat
  2572 | D:4      | Reached XP level 7. HP: 24/30 MP: 7/11
  2914 | D:5      | Reached skill level 8 in Unarmed Combat
  3049 | D:5      | Found Taet's Book Shoppe.
  3150 | D:5      | Found a hazy altar of Hepliaklqana.
  3213 | D:5      | Noticed Blork the orc
  3225 | D:5      | Killed Blork the orc
  3225 | D:5      | Reached XP level 8. HP: 28/33 MP: 10/12
  3233 | D:5      | Reached skill level 9 in Unarmed Combat
  3428 | D:5      | Found a bloodstained altar of Trog.
  3429 | D:5      | Noticed a wizard
  3436 | D:5      | Killed a wizard
  3549 | D:6      | Found Dimafat's Distillery.
  3706 | D:6      | Found a shadowy altar of Dithmenos.
  3734 | D:6      | Reached skill level 5 in Stealth
  4063 | D:6      | Reached skill level 1 in Charms
  4070 | D:6      | Found a staircase to the Ecumenical Temple.
  4084 | Temple   | Entered the Ecumenical Temple
  4131 | Temple   | Became a worshipper of Uskayaw the Reveler
  4190 | D:6      | Reached * piety under Uskayaw
  4368 | D:7      | Reached skill level 10 in Unarmed Combat
  4368 | D:7      | Reached ** piety under Uskayaw
  4483 | D:7      | Reached *** piety under Uskayaw
  4508 | D:7      | Found a white marble altar of Elyvilon.
  4763 | D:7      | Found an iron altar of Okawaru.
  4966 | D:7      | Found a burning altar of Makhleb.
  5235 | D:8      | Reached XP level 9. HP: 36/36 MP: 1/13
  5281 | D:8      | Reached skill level 11 in Unarmed Combat
  5503 | D:8      | Found a radiant altar of Vehumet.
  5734 | D:8      | HP: 1/36 [hound (4)]
  5735 | D:8      | Succumbed to a killer bee's poison
  5736 | D:8      | Reached XP level 8. HP: 0/33 MP: 4/12
  5807 | D:8      | Reached **** piety under Uskayaw
  5812 | D:8      | Reached ***** piety under Uskayaw
  5817 | D:8      | Gained mutation: You have a somewhat thin skeletal structure. (Dex +2, Stealth) [mutagenic meat]
  5818 | D:8      | Gained mutation: You expend magic power (3 MP) to strengthen your wands. [mutagenic meat]
  5959 | D:8      | Lost mutation: You expend magic power (3 MP) to strengthen your wands. [potion of mutation]
  5959 | D:8      | Lost mutation: You have a somewhat thin skeletal structure. (Dex +2, Stealth) [potion of mutation]
  5959 | D:8      | Gained mutation: You are agile. (Dex +2) [potion of mutation]
  5959 | D:8      | Gained mutation: Your mind is acute. (Int +2) [potion of mutation]
  5959 | D:8      | Gained mutation: Your spells are a little easier to cast, but a little less powerful. [potion of mutation]
  5959 | D:8      | Gained mutation: You evolve. [potion of mutation]
  5959 | D:8      | HP: 1/33 [poisoned by a killer bee]
  5962 | D:8      | Slain by a killer bee
  5963 | D:8      | Reached XP level 7. HP: -5/30 MP: 5/11
  6006 | D:8      | Reached skill level 12 in Unarmed Combat
  6022 | D:8      | HP: 1/30 [killer bee (5)]
  6023 | D:8      | Slain by a killer bee

Skill      XL: |  1  2  3  4  5  6  7  8  9 |
---------------+----------------------------+-----
Unarmed Combat | 3 4 6 7 12 10 11 | 12.0
Translocations | 5 |  5.0
Stealth        | 1 3 4 5 |  5.0
Charms         | 2 3 |  3.8
Fighting       | |  2.0
Dodging        | |  3.2
Spellcasting   | |  2.0

Action                   |  1- 3 |  4- 6 |  7- 9 || total
-------------------------+-------+-------+-------++-------
Melee: Unarmed           |   117 |   129 |   288 ||   534
       Bite              |    10 |    14 |    29 ||    53
       Punch             |     1 |       |    13 ||    14
 Cast: Shroud of Golubri |    10 |    18 |    41 ||    69
       Gell's Gravitas   |       |     7 |     9 ||    16
       Blink             |       |       |     1 ||     1
Invok: Stomp             |       |       |     4 ||     4
       Line Pass         |       |       |     3 ||     3
 Abil: Evoke Berserk Rag |       |       |     2 ||     2
  Use: Potion            |       |     3 |     6 ||     9
       Scroll            |       |     2 |     2 ||     4
 Stab: Sleeping          |     7 |     4 |    19 ||    30
       Paralysed         |       |       |     6 ||     6
       Distracted        |       |       |     2 ||     2
  Eat: Chunk             |     8 |     5 |    17 ||    30
Armor: Skin              |    11 |    31 |    16 ||    58
Dodge: Dodged            |    88 |    93 |   240 ||   421
